 Seeded DCSS version 0.29-a0-219-g0a02b1cf4f (webtiles) character file.

Game seed: 13219885370010268331 (custom seed)

13 Hubjo the Sneak (level 2, -2/20 HPs)
             Began as a Vampire Enchanter on Feb 25, 2022.
             Slain by an adder (4 damage)
             ... on level 2 of the Dungeon.
             The game lasted 00:01:08 (364 turns).

Hubjo the Sneak (Vampire Enchanter)                  Turns: 364, Time: 00:01:08

Health: -2/20      AC:  2    Str:  7    XL:     2   Next: 24%
Magic:  5/5        EV: 12    Int: 17    God:
Gold:   24         SH:  0    Dex: 14    Spells: 5/5 levels left

rFire   . . .      SeeInvis +   a - +1 dagger
rCold   . . .      Faith    .   (no shield)
rNeg    . . .      Spirit   .   b - +0 robe
rPois   .          Reflect  .   (no helmet)
rElec   .          Harm     .   (no cloak)
rCorr   .          Rampage  .   (no gloves)
Will    .....                   (no boots)
Stlth   +++.......              (no amulet)
HPRegen 0.26/turn               (no ring)
MPRegen 0.09/turn               (no ring)

@: brilliant, healing quickly
A: alive, fangs 3, see invisible, vampiric 1
a: Exsanguinate


You were on level 2 of the Dungeon.
You visited 1 branch of the dungeon, and saw 2 of its levels.

You collected 24 gold pieces.

Inventory:

Hand Weapons
 a - a +1 dagger (weapon)
Armour
 b - a +0 robe (worn)
Magical Staves
 e - a staff of air
Jewellery
 h - an amulet of the acrobat
 l - a +6 ring of strength
Scrolls
 d - 2 scrolls of fear
 g - 2 scrolls of identify {unknown}
 i - a scroll of teleportation {unknown}
 k - a scroll of summoning {unknown}
Potions
 c - a potion of invisibility
 f - a potion of brilliance
 j - 2 potions of berserk rage {unknown}


   Skills:
 * Level 0.9 Fighting
 + Level 1.3 Short Blades
 + Level 2.3 Dodging
 * Level 4.8 Stealth
 - Level 2.0 Spellcasting
 + Level 4.5 Hexes


You had 5 spell levels left.
You didn't know any spells.
Your spell library contained the following spells:

 Spells                   Type           Power      Damage    Failure   Level
 Confusing Touch          Hex            25%        N/A       9%          3
 Tukima's Dance           Hex            25%        N/A       9%          3
 Ensorcelled Hibernation  Hex/Ice        28%        N/A       12%         2
 Dazzling Flash           Conj/Hex       28%        N/A       22%         3
 Corpse Rot               Necr/Air       4%         N/A       28%         2
 Dispel Undead            Necr           2%         3d7       88%         4
 Death Channel            Necr           1%         N/A       100%        6


Dungeon Overview and Level Annotations

Branches:
Dungeon (1/15)

Altars:

Shops:
D:1 :


Innate Abilities, Weirdness & Mutations

Your natural rate of healing is accelerated.
You have razor-sharp teeth.
You have supernaturally acute eyesight. (SInv)
You are afflicted with vampirism.


Message History

You hit the worm. You bite the worm.
The worm is heavily wounded.
The worm closely misses you.
You hit the worm.
The worm is severely wounded.
The worm barely misses you.
You hit the worm.
The worm is almost dead.
You barely miss the worm.
The worm is almost dead.
The worm closely misses you.
You hit the worm.
The worm is almost dead.
You completely miss the worm.
The worm is almost dead.
The worm bites you.
* * * LOW HITPOINT WARNING * * *
The dart slug launches a dart at you. The slug dart misses you.
You hit the worm.
You kill the worm!
The dart slug launches a dart at you. The slug dart misses you.
You see here a worm corpse.
As you read the scroll of fear, it crumbles to dust.
You assume a fearsome visage.
The dart slug looks frightened!
Found a stone staircase leading down.
There is a shaft here.
You fall into a shaft and drop 1 floor!
The shaft crumbles and collapses. 2 adders come into view.
The adder hisses angrily.
The adder bites you.
* * * LOW HITPOINT WARNING * * *
The adder bites you but does no damage.
It was a potion of brilliance.
You feel clever all of a sudden.
The adder hisses angrily.
The adder bites you.
You die...

.
..#######
........##
.g.......#
........#
..#####.#
# #.# ..#
#@##.....
#.S....S.
####.....
...# ..#
.. #


You could see 2 adders.

Vanquished Creatures
  A worm (D:1)
  An endoplasm (D:1)
  A goblin (D:1)
  4 jackals (D:1)
  A bat (D:1)
  A frilled lizard (D:1)
9 creatures vanquished.

Notes
Turn   | Place    | Note
-------+----------+-------------------------------------------
     0 | D:1      | Hubjo the Vampire Enchanter began the quest for the Orb.
     0 | D:1      | Reached XP level 1. HP: 13/13 MP: 3/3
    54 | D:1      | Found Arhuwn's Book Shop.
   211 | D:1      | Reached XP level 2. HP: 10/20 MP: 5/5
   358 | D:1      | You fall into a shaft and drop 1 floor!
   364 | D:2      | Slain by an adder

Illustrated notes

Levels and vault maps discovered:
D:1:      dpeg_arrival_tiny_d, layout_rooms, serial_shops, shop,
          dilly_ecumenical_altar_fadedgnrine, nicolae_wormholes
D:2:      layout_loops_cross, minmay_pentomino_r4

Action                   || total
-------------------------++-------
Melee: Dagger            ||    38
       Bite              ||     6
  Use: Scroll            ||     2
       Potion            ||     1
 Stab: Sleeping          ||     1
Armor: Robe              ||    10
Dodge: Dodged            ||    41

Table legend: (Time is in decaauts)
 A = Elapsed time spent in this place.
 B = Non-inter-level travel time spent in this place.
 C = Inter-level travel time spent in this place.
 D = Time resting spent in this place.
 E = Time spent auto-exploring this place.
 F = Levels seen in this place.
 G = Mean time per level.
                   A        B        C        D        E       F      G
               +--------+--------+--------+--------+--------+-----+--------+
         Total |    361 |    361 |      0 |      0 |    224 |   2 |  180.5 |
       Dungeon |    361 |    361 |      0 |      0 |    224 |   2 |  180.5 |
               +--------+--------+--------+--------+--------+-----+--------+

Top non-repeatable levels by time:
     D:1: 356 daAuts
     D:2: 5 daAuts
